 Dungeon Crawl Stone Soup version 0.23.2-33-g5129a83184 (webtiles) character file.

Game seed: 3311110693752051715

60 Aesthetico the Conjurer (level 3, -4/26 HPs)
             Began as a Centaur Conjurer on July 18, 2019.
             Killed from afar by a white imp (10 damage)
             ... with a puff of frost
             ... summoned by Natasha
             ... on level 2 of the Dungeon.
             The game lasted 00:04:53 (1714 turns).

Aesthetico the Conjurer (Centaur Conjurer)          Turns: 1714, Time: 00:04:54

Health: -4/26      AC:  5    Str: 10    XL:     3   Next: 82%
Magic:  1/5        EV:  9    Int: 15    God:
Gold:   117        SH:  0    Dex:  9    Spells: 2/5 levels left

rFire    + . .     SeeInvis .   h - +0 short sword
rCold    x . .     Gourm    +   (no shield)
rNeg     . . .     Faith    .   a - +0 robe
rPois    .         Spirit   .   p - +0 helmet
rElec    .         Reflect  .   (no cloak)
rCorr    .         Harm     .   (no gloves)
MR       .....                  (no barding)
Stlth    +.........             i - amulet of the gourmand
HPRegen  0.08/turn              b - ring of fire
MPRegen  0.09/turn              (no ring)

@: very quick
A: large, hooves 3, deformed body, speed 2, tough skin 3
a: no special abilities


You were on level 2 of the Dungeon.
You were completely stuffed.

You visited 1 branch of the dungeon, and saw 2 of its levels.

You collected 117 gold pieces.

Inventory:

Hand Weapons
 h - a +0 short sword (weapon)
Armour
 a - a +0 robe (worn)
 p - a +0 helmet (worn)
Jewellery
 b - a ring of fire (left hand)
 i - an amulet of the gourmand (around neck)
 q - a cursed ring of teleportation {unknown}
 r - a +1 ring of evasion {unknown}
 s - a cursed ring of attention {unknown}
Scrolls
 e - 3 scrolls of identify {unknown}
 g - a scroll of immolation {unknown}
 k - a scroll of blinking {unknown}
 l - a scroll of enchant armour {unknown}
 m - a scroll of fear {unknown}
 n - 2 scrolls of teleportation {unknown}
 o - a scroll of fog {unknown}
Potions
 d - a potion of curing {unknown}
 f - a potion of flight {unknown}
 j - a potion of berserk rage {unknown}
Comestibles
 c - 3 rations
 t - a chunk of flesh


   Skills:
 - Level 1.3 Dodging
 - Level 1.1 Stealth
 - Level 1.5 Spellcasting
 + Level 5.0 Conjurations


You had 2 spell levels left.
You knew the following spells:

 Your Spells              Type           Power        Failure   Level  Hunger
a - Magic Dart            Conj           ###.         3%          1    ##.....
b - Searing Ray           Conj           ###...       4%          2    ###....

Your spell library contained the following spells:

 Spells                   Type           Power        Failure   Level  Hunger
 Animate Skeleton         Necr           N/A          24%         1    ##.....
 Apportation              Tloc           #.....       24%         1    ##.....
 Confusing Touch          Hex            #.....       24%         1    ##.....
 Summon Small Mammal      Summ           #...         24%         1    ##.....
 Dazzling Spray           Conj/Hex       #.....       26%         3    ####...
 Iskenderun's Mystic Bla  Conj           ###.....     28%         4    #####..
 Force Lance              Conj/Tloc      #.......     63%         4    #####..
 Fulminant Prism          Conj/Hex       #.........   63%         4    #####..


Dungeon Overview and Level Annotations

Branches:
Dungeon (2/15)

Altars:

Annotations:
D:2 Natasha


Innate Abilities, Weirdness & Mutations

You have hooves in place of feet.
Armour fits poorly on your strangely shaped body.
You cover ground very quickly.
You have extremely tough skin. (AC +3)


Message History

Aiming: Magic Dart (safe; 3% risk of failure)
Press: ? - help, Shift-Dir - straight line, f/p - Natasha
Aim: Natasha (severely wounded)
The magic dart hits Natasha.
Natasha is almost dead.
Natasha casts a spell at you. You resist with significant effort.
Casting: Magic Dart (safe; 3% risk of failure)
Confirm with . or Enter, or press ? or * to list all spells.
Okay, then.
Casting: Magic Dart (safe; 3% risk of failure)
Confirm with . or Enter, or press ? or * to list all spells.
Aiming: Magic Dart (safe; 3% risk of failure)
Press: ? - help, Shift-Dir - straight line, f/p - Natasha
Aim: Natasha (almost dead)
The magic dart hits Natasha but does no damage.
Natasha is almost dead.
The white imp gestures at you. The puff of frost hits you!
You feel a terrible chill!
You die...

#...................###.###
#.................#..##.###
##................##..#....
##..........##............
#######.#.###..(###......
##........#......##.
#...........##.####.
#...(.###....#.#....
#..@..# #.##...#.#..
#.....# #.###..#.#.#
##.###.###........#.. #..
#...h......#.....
#.###...5........##..
#.#.................#
#.#.#..........####..
#.....)..(.....###..#
##..##..........#.....


You could see Natasha and a white imp.

Vanquished Creatures
  2 adders (D:2)
  2 worms (D:2)
  A dart slug (D:1)
  10 giant cockroaches
  3 goblins (D:2)
  2 hobgoblins (D:1)
  A quokka (D:2)
  4 bats
  2 frilled lizards
  3 kobolds
  6 rats
36 creatures vanquished.

Notes
Turn   | Place    | Note
-------+----------+-------------------------------------------
     0 | D:1      | Aesthetico the Centaur Conjurer began the quest for the
                  | Orb.
     0 | D:1      | Reached XP level 1. HP: 14/14 MP: 3/3
   348 | D:1      | Reached skill level 4 in Conjurations
   348 | D:1      | Reached XP level 2. HP: 20/20 MP: 0/4
   729 | D:2      | Learned a level 2 spell: Searing Ray
   777 | D:2      | Reached XP level 3. HP: 17/26 MP: 1/5
  1293 | D:2      | Reached skill level 5 in Conjurations
  1709 | D:2      | Noticed Natasha
  1714 | D:2      | Killed from afar by a white imp

Skill      XL: |  1  2  3 |
---------------+----------+-----
Conjurations   | 4 5 |  5.0
Dodging        | |  1.3
Stealth        | |  1.1
Spellcasting   | |  1.5

Action                   || total
-------------------------++-------
Melee: Unarmed           ||     9
       Kick              ||    13
       Short sword       ||    57
 Cast: Magic Dart        ||    49
       Searing Ray       ||     2
  Eat: Chunk             ||    16
Armor: Robe              ||    55
Dodge: Dodged            ||    54
